AoeStats
← KingKross

Oasis

508718532Analyzed
3v3 RM · 7d ago on Sep 23, 2026· 59m 45s· 6 players
Game mode
Random Map
Map size
Normal (6 player)
Population
200
Speed
Normal
Resources
Standard
Victory
Conquest
Starting age
Dark Age
Ending age
Imperial Age
RankedLock teamsTeams togetherTeam positionsShared explorationLock speedFull tech treeHidden civsTurbo modeCheats
Victory
Defeat
🇩🇪 Danes · Germany
1290
+11
🇩🇪 Franks · Germany
1147
+16
🇩🇪 Byzantines · Germany
1141
+17
🇩🇪 Saxons · Germany
1235
-18
🇩🇪 Sicilians · Germany
1151
-14
🇩🇪 Persians · Germany
1100
-12
mrweissbrot
10:23 Feudal Age
15:03 Castle Age
13:15 Horse Collar
13:49 Loom
16:37 Double-Bit Axe
19:11 Wheelbarrow
20:15 Bow Saw
23:11 Hand Cart
23:30 Gold Mining
27:18 Heavy Plow
27:12 Stone Mining
27:35 Scale Mail Armor
27:45 Forging
27:25 Fletching
28:08 Sanctity
28:27 Gold Shaft Mining
27:31 Man-at-Arms
28:12 Squires
28:37 Chain Mail Armor
28:23 Long Swordsman
29:42 Iron Casting
32:28 Imperial Age
32:31 Two-Handed Swordsman
33:51 Plate Mail Armor
35:18 Crop Rotation
35:49 Two-Man Saw
34:46 Champion
35:12 Gambesons
36:15 Shield Wall
37:16 Conscription
36:19 Shield Wall
38:02 Arson
42:20 Masonry
41:53 Treadmill Crane
42:24 Masonry
42:35 Ballistics
42:09 Fletching
42:20 Padded Archer Armor
42:02 Pikeman
42:52 Bodkin Arrow
43:05 Siege Engineers
45:37 Bracer
45:53 Leather Archer Armor
45:16 Elite Varangian Guard
45:26 Halberdier
48:05 Architecture
47:31 Murder Holes
48:38 Chemistry
55:00 Murder Holes
55:34 Elite Hearth Troop
kert_qt
9:04 Feudal Age
11:29 Loom
12:08 Double-Bit Axe
17:22 Horse Collar
19:20 Gold Mining
22:14 Castle Age
36:54 Bow Saw
45:44 Wheelbarrow
47:15 Hand Cart
48:17 Bloodlines
48:09 Husbandry
Revanius
3:30 Loom
5:02 Loom
12:14 Feudal Age
12:44 Double-Bit Axe
12:40 Horse Collar
22:22 Castle Age
20:48 Scale Mail Armor
20:58 Forging
21:31 Fletching
21:54 Gold Mining
21:58 Stone Mining
22:03 Gold Mining
23:13 Heavy Plow
23:24 Bow Saw
24:00 Wheelbarrow
24:07 Town Watch
24:50 Pikeman
26:19 Hand Cart
29:10 Gold Shaft Mining
30:45 Chain Mail Armor
31:05 Iron Casting
30:26 Bodkin Arrow
35:37 Imperial Age
33:07 Pikeman
35:46 Ballistics
37:01 Crop Rotation
35:53 Elite Serjeant
36:55 Conscription
37:07 Plate Mail Armor
37:38 Blast Furnace
38:08 Stone Shaft Mining
38:14 First Crusade
39:04 Bracer
39:04 Padded Archer Armor
40:12 Chemistry
39:19 Siege Engineers
39:09 Murder Holes
39:25 Masonry
39:01 Elite Skirmisher
41:12 Caravan
42:41 Leather Archer Armor
42:54 Halberdier
44:03 Squires
43:51 Arson
Sir Ottlas
6:32 Loom
9:04 Feudal Age
9:21 Man-at-Arms
9:56 Double-Bit Axe
16:27 Horse Collar
19:10 Gold Mining
22:10 Castle Age
20:21 Scale Mail Armor
21:26 Wheelbarrow
22:52 Forging
23:22 Bow Saw
23:44 Chain Mail Armor
23:31 Squires
23:18 Gambesons
24:00 Arson
27:27 Devotion
31:57 Iron Casting
35:50 Hamask
39:10 Imperial Age
38:15 Heavy Plow
39:34 Hand Cart
39:07 Town Watch
39:21 Elite Varangian Guard
39:35 Elite Jomsviking
42:16 Plate Mail Armor
42:47 Blast Furnace
44:39 Hoardings
47:04 Caravan
47:34 Coinage
48:27 Conscription
48:14 Onager
48:23 Northmen's Fury
49:48 Long Swordsman
50:12 Siege Onager
50:25 Two-Handed Swordsman
52:06 Banking
51:12 Champion
53:26 Siege Engineers
53:28 Capped Ram
55:30 Siege Ram
59:00 Gold Shaft Mining
KingKross
10:26 Feudal Age
12:32 Loom
13:39 Double-Bit Axe
14:54 Wheelbarrow
18:02 Castle Age
16:39 Forging
17:00 Scale Barding Armor
19:44 Husbandry
26:01 Iron Casting
26:45 Chain Barding Armor
33:42 Bow Saw
38:46 Imperial Age
38:22 Gold Mining
38:23 Stone Mining
40:35 Plate Barding Armor
41:00 Blast Furnace
39:27 Cavalier
42:36 Wheelbarrow
42:13 Light Cavalry
43:32 Paladin
44:47 Hand Cart
47:08 Caravan
51:53 Conscription
56:13 Town Watch
56:57 Chivalry
LordChickenwing
9:26 Loom
12:18 Feudal Age
17:49 Castle Age
17:39 Double-Bit Axe
17:36 Horse Collar
23:42 Wheelbarrow
25:23 Heavy Plow
26:06 Bow Saw
27:04 Hand Cart
28:26 Treadmill Crane
29:00 Fortified Wall
29:47 Squires
29:34 Gambesons
29:37 Arson
32:59 Imperial Age
31:29 Scale Barding Armor
31:34 Forging
33:32 Chain Barding Armor
33:06 Fletching
34:34 Crop Rotation
35:10 Two-Man Saw
35:43 Chemistry
34:40 Murder Holes
36:00 Conscription
36:16 Hoardings
36:16 Elite Varangian Guard
36:20 Elite Cataphract
37:27 Guilds
37:20 Caravan
38:01 Plate Barding Armor
38:01 Iron Casting
37:31 Scale Mail Armor
37:53 Ballistics
38:28 Logistica
39:22 Bodkin Arrow
40:53 Chain Mail Armor
41:52 Bombard Tower
41:39 Bracer
41:31 Capped Ram
43:37 Plate Mail Armor
42:31 Pikeman
43:48 Siege Ram
47:43 Halberdier
51:28 Padded Archer Armor
Connection lost

Rejoining the realm…

Still unreachable

The connection could not be restored.

Session expired

The server has moved on; the page needs a fresh start.